 Dungeon Crawl Stone Soup version 0.20-b1-18-gaa2fd62 (webtiles) character file.

60 Iflex the Bolt Thrower (level 4, -5/34 HPs)
             Began as a Merfolk Wanderer on May 24, 2017.
             Slain by a goblin
             ... wielding a +0 whip
             ... led by Robin
              (10 damage)
             ... on level 3 of the Dungeon.
             The game lasted 00:03:21 (719 turns).

Iflex the Bolt Thrower (Merfolk Wanderer)            Turns: 719, Time: 00:03:22

Health: -5/34      AC:  3    Str: 12    XL:     4   Next: 6%
Magic:  7/7        EV: 11    Int: 11    God:
Gold:   81         SH:  0    Dex: 14    Spells: 8/8 levels left

rFire    . . .     SeeInvis .   a - +2 hand crossbow
rCold    . . .     Gourm    .   (no shield)
rNeg     . . .     Faith    .   d - +0 robe
rPois    .         Spirit   .   (no helmet)
rElec    .         Reflect  .   (no cloak)
rCorr    .         Harm     .   m - +0 pair of gloves
MR       .....                  (no boots)
Stlth    ++........             (no amulet)
Regen    0.2/turn               (no ring)
MPRegen  0.1/turn               (no ring)

@: no status effects
A: change form in water, swift swim, stealthy swim
a: no special abilities


You were on level 3 of the Dungeon.
You were not hungry.

You visited 1 branch of the dungeon, and saw 3 of its levels.

You collected 81 gold pieces.

Inventory:

Hand Weapons
 a - a +2 hand crossbow (weapon)
 t - a -3 dagger
Missiles
 b - 10 bolts (quivered)
Armour
 d - a +0 robe (worn)
 m - a +0 pair of gloves (worn)
Scrolls
 i - a scroll of amnesia {unknown}
 l - 2 scrolls of enchant armour {unknown}
 n - a scroll of magic mapping {unknown}
 r - a scroll of enchant weapon {unknown}
Potions
 c - 2 potions of curing
 e - 2 potions of degeneration
 h - a potion of agility {unknown}
 j - a potion of brilliance {unknown}
 o - a potion of mutation {unknown}
 p - a potion of flight {unknown}
 q - a potion of berserk rage
 s - a potion of magic {unknown}
Comestibles
 f - 2 bread rations
 g - a royal jelly
 k - 2 fruits


   Skills:
 + Level 2.5 Fighting
 + Level 2.7 Crossbows
 + Level 1.1 Armour
 + Level 1.2 Stealth
   Level 1.0 Shields
 + Level 2.5 Spellcasting
   Level 1.0 Hexes


You had 8 spell levels left.
You didn't know any spells.

Dungeon Overview and Level Annotations

Branches:
Dungeon (3/15)

Altars:

Annotations:
D:3 Robin


Message History

Okay, then.
Firing (i - inventory):
b - 13 bolts (quivered)
Press: ? - help, Shift-Dir - straight line, f - goblin
Aim: a goblin, wielding a dagger (unusually strong)
You shoot a bolt. The bolt barely misses the goblin.
The bolt hits the goblin.
You kill the goblin!
The goblin barely misses you. The goblin hits you but does no damage.
Firing (i - inventory):
b - 12 bolts (quivered)
Press: ? - help, Shift-Dir - straight line, f/p - goblin
Aim: a goblin, wielding a dagger (unusually strong)
You shoot a bolt. The bolt hits the goblin!
You kill the goblin!
The goblin barely misses you.
Firing (i - inventory):
b - 11 bolts (quivered)
Press: ? - help, Shift-Dir - straight line, f - goblin
Aim: a goblin, wielding a whip (unusually strong)
You shoot a bolt.
The bolt hits the goblin but does no damage.
The goblin hits you with a whip!
You die...

###
#@#
#g#
#g#
#.#
#.#
#.#
..#
...


You could see Robin and a goblin.

Vanquished Creatures
  Natasha (D:2)
  2 dart slugs
  A giant cockroach (D:1)
  2 hobgoblins
  3 jackals (D:1)
  2 frilled lizards
  11 goblins
  7 kobolds
  3 rats (D:1)
32 creatures vanquished.

Notes
Turn   | Place    | Note
-------+----------+-------------------------------------------
     0 | D:1      | Iflex the Merfolk Wanderer began the quest for the Orb.
     0 | D:1      | Iflex set off with: a +2 hand crossbow, 32 bolts, 2 potions of curing, a +0 robe, a bread ration
     0 | D:1      | Reached XP level 1. HP: 16/16 MP: 3/3
    90 | D:1      | Reached XP level 2. HP: 22/22 MP: 5/5
   513 | D:2      | Noticed Natasha
   516 | D:2      | Killed Natasha
   516 | D:2      | Reached XP level 3. HP: 24/28 MP: 6/6
   707 | D:2      | Noticed Robin
   707 | D:2      | Reached XP level 4. HP: 31/34 MP: 7/7
   719 | D:3      | Slain by a goblin

Skill      XL: |  1  2 |
---------------+-------+-----
Crossbows      | 2 |  2.7
Fighting       | |  2.5
Armour         | |  1.1
Stealth        | |  1.2
Shields        | |  1.0
Spellcasting   | |  2.5
Hexes          | |  1.0

Action                   |  1- 3 |  4- 6 || total
-------------------------+-------+-------++-------
Melee: Dagger            |    10 |       ||    10
 Fire: Hand crossbow     |    45 |     9 ||    54
  Use: Scroll            |     5 |       ||     5
Armor: Robe              |     2 |     3 ||     5
Dodge: Dodged            |    10 |    11 ||    21
